 Dungeon Crawl Stone Soup version 0.27-a0-590-g94244163b4 (webtiles) character file.

Game seed: 16396875926181282691

968 sanka the Merchant of Misery (level 7, -3/50 HPs)
             Began as a Vampire Gladiator on Mar 10, 2021.
             Was a Believer of Kikubaaqudgha.
             Slain by a phantom (5 damage)
             ... on level 5 of the Dungeon.
             The game lasted 00:10:13 (4927 turns).

sanka the Merchant of Misery (Vampire Gladiator)    Turns: 4927, Time: 00:10:13

Health: -3/50      AC:  5    Str: 13    XL:     7   Next: 93%
Magic:  10/10      EV: 13    Int: 10    God:    Kikubaaqudgha [**....]
Gold:   322        SH:  0    Dex: 18    Spells: 4/10 levels left

rFire    . . .     SeeInvis +   a - +0 long sword
rCold    . . .     Faith    .   (no shield)
rNeg     . . .     Spirit   .   j - +0 leather armour
rPois    .         Reflect  .   c - +0 helmet
rElec    .         Harm     .   x - +0 cloak
rCorr    .         Rampage  .   (no gloves)
Will     .....                  (no boots)
Stlth    +.........             n - amulet of the acrobat
HPRegen  0.36/turn              (no ring)
MPRegen  0.12/turn              (no ring)

@: regenerating quickly
A: fangs 3, see invisible, unbreathing 1
a: Exsanguinate, Renounce Religion, Receive Corpses


You were on level 5 of the Dungeon.
You worshipped Kikubaaqudgha.
Kikubaaqudgha was pleased with you.
You visited 1 branch of the dungeon, and saw 6 of its levels.

You collected 322 gold pieces.


Innate Abilities, Weirdness & Mutations

Your natural rate of healing is unusually fast.
You have razor-sharp teeth.
You have supernaturally acute eyesight. (SInv)
You can survive without breathing.


   Skills:
 - Level 2.0 Fighting
 - Level 5.0 Long Blades
 - Level 1.5 Throwing
 + Level 4.1 Dodging
 - Level 2.0 Spellcasting
 - Level 8.0 Necromancy


You had 4 spell levels left.
You knew the following spells:

 Your Spells              Type           Power      Damage    Failure   Level
x - Vampiric Draining     Necr           8%         2d7       4%          3
z - Pain                  Necr           68%        1d7       1%          1
Z - Corpse Rot            Necr/Air       N/A        N/A       12%         2

Your spell library contained the following spells:

 Spells                   Type           Power      Damage    Failure   Level
 Sublimation of Blood     Necr           8%         N/A       2%          2
 Apportation              Tloc           2%         N/A       36%         1

Inventory:

Hand Weapons
 a - a +0 long sword (weapon)
 b - a +1 whip of venom
 r - a +2 dagger of speed
Missiles
 d - 3 throwing nets {=f}
 s - 24 poisoned darts (quivered)
Armour
 c - a +0 helmet (worn)
 j - a +0 leather armour (worn)
 x - a +0 cloak (worn)
Magical Staves
 z - a staff of air
Jewellery
 n - an amulet of the acrobat (around neck)
Wands
 w - a wand of flame (9)
Scrolls
 f - 6 scrolls of teleportation {unknown}
 l - 3 scrolls of enchant armour {unknown}
 m - 2 scrolls of blinking {unknown}
 p - a scroll of magic mapping {unknown}
 q - a scroll of immolation {unknown}
 t - 3 scrolls of identify {unknown}
 v - a scroll of amnesia {unknown}
 y - a scroll of fear {unknown}
Potions
 e - 3 potions of curing {@q1}
 g - a potion of cancellation {unknown}
 h - a potion of invisibility {unknown}
 i - a potion of flight {unknown}
 k - 3 potions of degeneration {unknown}
 o - 2 potions of might {unknown}
 u - a potion of haste {unknown}

Dungeon Overview and Level Annotations

Branches:
Dungeon (6/15)             Temple (0/1) D:5

Altars:
Cheibriados
Dithmenos
Elyvilon
Kikubaaqudgha
Sif Muna
Trog
Xom

Annotations:
D:4 2 transporters, tilp's ghost, amateur OpTm

▒▒▒▒.▒.▒▒......▒ ▒.▒
▒......▒▒▒▒.▒▒▒▒▒▒ ▒.▒
▒.▒▒.▒...<.......▒ ▒▒.▒
▒.▒▒.▒.▒▒▒▒▒.....▒▒▒... ▒.▒▒.▒.▒
▒.....▒▒.... ▒.▒▒.▒.▒
▒.....▒▒▒... ▒.▒▒.▒.▒ ▒.....▒
▒▒.. ▒....W.▒▒▒▒▒▒▒.▒▒▒ ▒..
▒▒▒▒..V.....▒▒.▒▒ ▒..
▒..▒▒▒▒▒.▒...▒ ▒▒. ▒..▒▒........▒
▒. ▒▒ ▒..▒▒.▒▒.▒...▒ ▒.
.▒▒▒▒▒▒▒▒▒ ▒....>....▒▒▒▒ ▒.
.▒.......▒ ▒.........▒▒▒▒▒▒▒▒▒)
......▒▒.▒ ▒......▒▒........÷..
(▒.▒▒.▒▒.▒▒▒▒▒▒▒.▒......▒▒▒▒▒▒▒▒▒
.▒.▒▒.........▒▒.▒.......▒ ▒


You could see a phantom.


Message History

The phantom completely misses you.
You closely miss the phantom.
The phantom is heavily damaged.
The phantom hits you.
* * * LOW HITPOINT WARNING * * *
The phantom closely misses you.
You riposte.
You closely miss the phantom. Your bite misses the phantom.
The phantom is moderately damaged.
You closely miss the phantom.
The phantom is moderately damaged.
The phantom hits you.
* * * LOW HITPOINT WARNING * * *
The phantom blinks!
You blink.
You closely miss the phantom.
The phantom is moderately damaged.
The phantom hits you but does no damage.
The phantom hits you.
* * * LOW HITPOINT WARNING * * *
You slash the phantom!
The phantom is severely damaged.
The phantom hits you!
* * * LOW HITPOINT WARNING * * *
You barely miss the phantom.
The phantom is severely damaged.
The phantom hits you.
You die...
Kikubaaqudgha rasps: "You have failed me!
Welcome... death!"

Action                   |  1- 3 |  4- 6 |  7- 9 || total
-------------------------+-------+-------+-------++-------
Melee: Long sword        |    85 |   192 |    91 ||   368
       Bite              |    11 |    29 |    17 ||    57
Throw: Dart              |       |     2 |       ||     2
 Cast: Pain              |       |    13 |     1 ||    14
       Vampiric Draining |       |     8 |     4 ||    12
Evoke: Wand              |       |       |     1 ||     1
  Use: Potion            |       |     1 |     1 ||     2
 Stab: Sleeping          |     2 |       |     2 ||     4
       Distracted        |       |       |     1 ||     1
Armor: Leather armour    |    26 |    27 |    16 ||    69
Dodge: Dodged            |    68 |   153 |    60 ||   281
       Rpst.: Long sword |    24 |    46 |    23 ||    93

Levels and vault maps discovered:
D:1:      saegor_arrival_simple_e, layout_rooms, glass_columns_a
D:2:      minmay_kobold_bridge, layout_basic, grunt_temple_overflow_open,
          chequers_ecumenical_altar_twisty
D:3:      layout_basic, nzn_overflow_gifts_of_might_and_magic,
          grunt_dithmenos_smoke_and_mirrors, doesnt_xom_only_xom,
          kennysheep_decorative_pillar, minmay_misc_feat_plants
D:4:      cheibrodos_thug_alley, layout_loops_corners, gammafunk_ghost_arena,
          enter_ossuary_1, elyvilon_altar_1
D:5:      layout_loops_cross, minmay_temple_entry_crystal_x, uniq_grinder
D:6:      cheibrodos_quashed, layout_cave_pools, basic_altar,
          uniq_crazy_yiuf_cottage, uniq_sigmund

Notes
Turn   | Place    | Note
-------+----------+-------------------------------------------
     0 | D:1      | sanka the Vampire Gladiator began the quest for the Orb.
     0 | D:1      | Reached XP level 1. HP: 16/16 MP: 1/1
    27 | D:1      | Reached skill level 2 in Fighting
   145 | D:1      | Reached XP level 2. HP: 21/22 MP: 2/2
   207 | D:1      | Reached skill level 4 in Long Blades
   431 | D:1      | Reached XP level 3. HP: 26/27 MP: 3/3
   555 | D:2      | Found a faded altar of an unknown god.
   559 | D:2      | Became a worshipper of Kikubaaqudgha
   559 | D:2      | Reached * piety under Kikubaaqudgha
   559 | D:2      | Identified Kikubaaqudgha's Collected Works on Unholy
                  | Rituals (Kikubaaqudgha gifted it to you on level 2 of the
                  | Dungeon)
   559 | D:2      | Received a gift from Kikubaaqudgha
   563 | D:2      | Learned a level 1 spell: Pain
   641 | D:2      | Found a snail-covered altar of Cheibriados.
   641 | D:2      | Found an ancient bone altar of Kikubaaqudgha.
   990 | D:2      | Reached XP level 4. HP: 33/33 MP: 4/4
  1183 | D:2      | Reached skill level 5 in Long Blades
  1569 | D:3      | Reached ** piety under Kikubaaqudgha
  1571 | D:3      | Reached skill level 1 in Necromancy
  1603 | D:3      | Reached skill level 1 in Spellcasting
  1754 | D:3      | Learned a level 3 spell: Vampiric Draining
  1754 | D:3      | Found a bloodstained altar of Trog.
  1764 | D:3      | Found a shimmering blue altar of Sif Muna.
  1767 | D:3      | Identified Sif Muna's Compendium of Orientation
  1838 | D:3      | Reached XP level 5. HP: 38/38 MP: 6/6
  1881 | D:3      | Found a shadowy altar of Dithmenos.
  2042 | D:3      | Reached skill level 2 in Necromancy
  2392 | D:3      | Found a blossoming altar of Fedhas.
  2394 | D:3      | Found a shimmering altar of Xom.
  2394 | D:3      | Found an ancient bone altar of Kikubaaqudgha.
  2396 | D:3      | Found a hide-covered altar of Uskayaw.
  2396 | D:3      | Found an ancient bone altar of Kikubaaqudgha.
  2396 | D:3      | Found a broken altar of Ashenzari.
  2502 | D:4      | Found a transporter.
  2510 | D:4      | Noticed tilp's ghost (amateur OpTm)
  2527 | D:4      | Found a transporter.
  2675 | D:4      | Reached skill level 2 in Spellcasting
  2675 | D:4      | Reached skill level 3 in Necromancy
  2780 | D:4      | Reached skill level 4 in Necromancy
  2780 | D:4      | Reached XP level 6. HP: 28/44 MP: 9/9
  2865 | D:4      | HP: 2/44 [gnoll (7)]
  2988 | D:4      | Learned a level 2 spell: Corpse Rot
  3194 | D:4      | Reached skill level 5 in Necromancy
  3776 | D:5      | Entered Level 5 of the Dungeon
  3778 | D:5      | Noticed an ice beast
  3789 | D:5      | Killed an ice beast
  3790 | D:5      | Reached skill level 6 in Necromancy
  3790 | D:5      | Reached XP level 7. HP: 25/50 MP: 0/10
  4299 | D:5      | Found a staircase to the Ecumenical Temple.
  4340 | D:5      | Noticed Grinder
  4348 | D:5      | Paralysed by Grinder for 2 turns
  4353 | D:5      | Killed Grinder
  4354 | D:5      | Reached skill level 7 in Necromancy
  4716 | D:6      | Reached skill level 8 in Necromancy
  4800 | D:6      | Reached skill level 4 in Dodging
  4923 | D:5      | HP: 4/50 [phantom (4)]
  4926 | D:5      | HP: 1/50 [phantom (8)]
  4927 | D:5      | Slain by a phantom

Vanquished Creatures
  Grinder (D:5)
  An ice beast (D:5)
  2 kobold brigands (D:4)
  2 scorpions
  A hound (D:6)
  An orc priest (D:4)
  2 bullfrog skeletons (D:6)
  An iguana (D:6)
  An orc wizard (D:4)
  A hound zombie (D:5)
  5 gnolls
  6 adders
  A white imp (D:3)
  An ufetubus (D:6)
  4 oozes
  An adder skeleton (D:6)
  5 worms
  2 dart slugs
  A leopard gecko (D:5)
  10 orcs
  2 giant cockroaches
  6 goblins
  18 hobgoblins
  3 jackals (D:5)
  2 quokkas
  A ball python (D:1)
  11 bats
  2 frilled lizards
  22 kobolds
  6 rats
122 creatures vanquished.
